 Dungeon Crawl Stone Soup version 0.22-a0-159-g7ce444f (webtiles) character file.

1642026 wolfsongas the Slayer (level 24, 111/258 HPs)
             Began as a Demonspawn Monk on Feb 9, 2018.
             Was a High Priest of Yredelemnul.
             Escaped with the Orb
             ... and 3 runes on Feb 10, 2018!
             The game lasted 03:39:11 (67324 turns).

wolfsongas the Slayer (Demonspawn Monk)            Turns: 67324, Time: 03:39:11

Health: 111/258    AC: 31    Str: 23    XL:     24   Next: 91%
Magic:  30/30      EV: 10    Int: 19    God:    Yredelemnul [*****.]
Gold:   5737       SH:  0    Dex: 27    Spells: 23/23 levels left

rFire    + . .     SeeInvis .   o - +3 battleaxe (vamp)
rCold    + + .     Gourm    .   (shield currently unavailable)
rNeg     + + .     Faith    .   e - +12 plate armour of the Blizzard {rF- rN+ rCorr Str+8}
rPois    +         Spirit   .   (helmet unavailable)
rElec    +         Reflect  .   i - scarf {rC+ rF+}
rCorr    +         Harm     .   H - +2 pair of gloves {Dex+3}
MR       +++..                  p - +0 pair of boots of Resilience {rElec rPois}
Stlth    ..........             G - amulet of Spite {RegenMP MR+ Dex+4}
HPRegen  0.53/turn              D - ring of Evehiulifa {+Fly rElec rN+ MR+ Int+3}
MPRegen  0.47/turn              v - ring of protection from fire

@: very slightly contaminated
A: horns 3, thin skeletal structure 3, clumsy 1, cold resistance 1, deformed
body, demonic guardian 3, foul stench 2, low mp 2, sense surroundings 2, robust
2, weak 2, rot immunity, subdued magic 1
0: Orb of Zot
}: 3/15 runes: decaying, serpentine, silver
a: Recall Undead Slaves, Injury Mirror, Animate Dead, Drain Life, Enslave Soul,
Renounce Religion, Evoke Flight


You escaped.
You worshipped Yredelemnul.
Yredelemnul was extremely pleased with you.
You were not hungry.

You visited 10 branches of the dungeon, and saw 50 of its levels.

You collected 7348 gold pieces.
You spent 1611 gold pieces at shops.

Inventory:

Hand Weapons
 c - a +0 executioner's axe of draining
 o - a +3 vampiric battleaxe (weapon)
Armour
 b - +5 gold dragon scales
 e - the +12 plate armour of the Blizzard (worn) {rF- rN+ rCorr Str+8}
   (You found it on level 12 of the Dungeon)

   It affects your strength (+8).
   It makes you vulnerable to fire.
   It protects you from negative energy.
   It protects you from acid and corrosion.
 i - a scarf of resistance (worn)
 p - the +0 pair of boots of Resilience (worn) {rElec rPois}
   (You found it on level 5 of the Dungeon)

   It insulates you from electricity.
   It protects you from poison.
 H - a +2 pair of gloves of dexterity (worn)
Jewellery
 q - a +3 ring of slaying
 v - a ring of protection from fire (right hand)
 D - the ring of Evehiulifa (left hand) {+Fly rElec rN+ MR+ Int+3}
   (You took it off a deep elf demonologist on level 3 of the Elven Halls)

   [ring of flight]

   It affects your intelligence (+3).
   It insulates you from electricity.
   It protects you from negative energy.
   It affects your resistance to hostile enchantments.
   It lets you fly.
 G - the amulet of Spite (around neck) {RegenMP MR+ Dex+4}
   (You took it off a deep elf demonologist on level 1 of the Depths)

   [amulet of magic regeneration]

   It increases your magic regeneration.
   It affects your dexterity (+4).
   It affects your resistance to hostile enchantments.
 L - a +5 ring of protection
Wands
 a - a wand of digging (34)
Scrolls
 f - 3 scrolls of silence
 g - 17 scrolls of teleportation
 l - 7 scrolls of fear
 m - 3 scrolls of blinking
 t - 27 scrolls of remove curse
 y - a scroll of amnesia
 z - 5 scrolls of fog
 A - a scroll of identify
 C - a scroll of summoning
Potions
 d - 9 potions of lignification
 h - 4 potions of flight
 j - 4 potions of cancellation
 n - a potion of ambrosia
 s - 7 potions of haste
 u - 12 potions of curing
 w - 4 potions of berserk rage
 x - 7 potions of might
 B - 2 potions of agility
 E - a potion of heal wounds
 F - 3 potions of mutation
 J - 2 potions of brilliance
 K - a potion of magic
Comestibles
 k - 3 rations


   Skills:
 * Level 23.4 Fighting
 - Level 21.8 Axes
 + Level 19.5 Armour
 - Level 2.6 Dodging
 - Level 1.7 Stealth
 + Level 23.0 Invocations


You had 23 spell levels left.
You didn't know any spells.

Dungeon Overview and Level Annotations

Branches:
Dungeon (15/15)            Temple (1/1) D:4            Lair (6/6) D:9
  Swamp (4/4) Lair:2        Snake (4/4) Lair:2        Slime (0/5) Lair:5
    Orc (2/2) D:12            Elf (3/3) Orc:2        Vaults (5/5) D:13
  Crypt (0/3) Vaults:3     Depths (5/5) D:15            Zot (5/5) Depths:5

Altars:
Ashenzari
Cheibriados
Dithmenos
Elyvilon
Fedhas
Gozag
Hepliaklqana
Kikubaaqudgha
Makhleb
Nemelex Xobeh
Okawaru
Qazlal
Ru
Sif Muna
Trog
Uskayaw
Vehumet
Wu Jian
Xom
Yredelemnul
Zin
The Shining One
Beogh
Jiyva
Lugonu

Shops:
D:6 ?   D:9 [   D:10 %   D:13 [   Orc:1 *   Orc:2 ([[(*   Snake:3 ?
Snake:4 }=}   Vaults:3 !   Vaults:4 :   Depths:1 (

Portals:
Hell: Depths:1 Depths:2 Depths:3 Depths:4 Depths:5
Abyss: Depths:1 Depths:4 Depths:5
Pandemonium: Depths:3 Depths:4
Ziggurat: Depths:4
Trove: Elf:1 (show slimy rune of Zot)


Innate Abilities, Weirdness & Mutations

You have a pair of large horns on your head.
You have an unnaturally thin skeletal structure. (Dex +6, Stealth++)
A powerful demonic guardian rushes to your aid.
You frequently emit foul miasma when damaged in melee.
You are very robust. (+20% HP)
You are immune to rotting.
You are clumsy. (Dex -2)
Your flesh is cold resistant. (rC+)
Armour fits poorly on your strangely shaped body.
Your magical capacity is very low. (-20% MP)
You passively map the area around you.
You are very weak. (Str -4)
Your spells are a little easier to cast, but a little less powerful.


Message History

The Orb Guardian hits something.
Your leopard gecko falls off the wall.
Some rock shatters into small pieces.
The Orb Guardian hits something!!
Your ghoul claws something.
Your ghoul claws something!!
Yredelemnul accepts your kill.
You feel a bit more experienced. The Orb Guardian hits you.
The Orb Guardian hits you! The Orb Guardian hits you!
Aiming: Dig
Press: ? - help, Shift-Dir - straight line The rock shatters into small pieces.
The Orb Guardian hits you!!
Your rat barely misses the Orb Guardian.
The Orb Guardian hits you!!
You emit a cloud of foul miasma!
The Orb Guardian is engulfed in dark miasma.
The Orb Guardian is poisoned.
Okay, then.
The Orb Guardian hits you but does no damage.
The Orb Guardian barely misses you.
There is a staircase leading out of the dungeon here.
The Orb Guardian barely misses you.
You have escaped!

#...# #.# #.#
#.#.###.## ## #.#
...ln..l.## #.# #.#
#.#.###.#n## #.# #.#
..#.###.##.######.#
#.#
.##.....###r#....#
#.# ........#
##..#.'# #.#
##.#....# #...♣.♣##
#.# ........#
#...X@..# #.######
###.########.##≈≈≈##
#.#....#
..............#PPP#
#.#.##.#
.#######......#####
#.#.##.## .# *
#)#.#### #.#......
.#######.#.#
#.####.##
.........#.# #.# #.#
.........#.# #.# #.#
.........#.# #.# #.#


You could see an Orb Guardian, a friendly ghoul and a friendly rat.

Vanquished Creatures
  4 orbs of fire
  An ancient lich (Zot:5)
  A caustic shrike (Depths:3)
  3 Killer Klowns
  6 golden dragons
  An electric golem (Zot:5)
  5 tentacled monstrosities
  2 liches
  11 Orb Guardians (Zot:5)
  A titan (Depths:3)
  2 quicksilver dragons
  A sphinx (Depths:5)
  3 death cobs
  A shadow dragon (Zot:2)
  5 tengu reavers
  2 draconian monks
  The ghost of wolfsongas the Bludgeoner, an adept DsGl of Nemelex Xobeh (Snake:4)
  5 storm dragons
  An azure jelly (shapeshifter) (Vaults:5)
  10 fire giants
  A frost giant (Depths:4)
  7 draconian knights
  4 vault wardens
  2 iron dragons
  2 deep elf sorcerers (Elf:3)
  4 draconian shifters
  A draconian scorcher (Zot:5)
  2 draconian stormcallers
  A deep elf elementalist (Depths:2)
  An angel (D:14)
  4 draconian annihilators
  3 very ugly things
  5 ironheart preservers
  4 vampire knights
  11 stone giants
  7 black draconians
  4 red draconians
  A dire elephant (D:15)
  A stone giant (shapeshifter) (Vaults:5)
  3 purple draconians (Zot:1)
  3 deep elf annihilators
  Azrael (D:12)
  6 green draconians
  4 deep elf demonologists
  An entropy weaver (Vaults:4)
  A spark wasp (Depths:3)
  6 yellow draconians
  3 white draconians
  3 deep elf death magi
  An eidolon (Vaults:3)
  6 ettins
  The ghost of senyk the Cleaver, a journeyman FoFi of Uskayaw (D:12)
  2 jiangshi (Depths:2)
  A green death (Depths:3)
  8 fire dragons
  3 deep elf high priests
  8 ice dragons
  3 spriggan air magi
  6 hydras
  A great orb of eyes (Depths:3)
  5 naga warriors (Snake:4)
  19 vault guards
  6 yaktaur captains
  3 rakshasas
  A merfolk avatar (Lair:6)
  2 anacondas (Snake:4)
  7 centaur warriors
  24 two-headed ogres
  5 deep troll shamans
  A tengu warrior (Depths:1)
  8 ogre magi
  3 alligators
  7 death yaks
  4 deep troll earth magi
  A titan zombie (Depths:4)
  4 vampire magi
  9 dancing weapons
  2 thrashing horrors (Depths:4)
  An orc high priest (Depths:1)
  12 deep elf knights
  2 shock serpents
  3 naga sharpshooters (Snake:4)
  7 spriggans
  The ghost of LetsPracticeRu the Carver, a novice TeGl of Ru (D:9)
  2 soul eaters
  5 spriggan berserkers
  A wretched star (Depths:4)
  10 iron trolls
  A hell knight (D:15)
  5 salamander mystics
  2 sixfirhies (D:15)
  A swamp dragon (Swamp:4)
  A glowing orange brain (shapeshifter) (Vaults:5)
  2 spriggan druids (Swamp:2)
  2 glowing orange brains
  A sea snake (Snake:2)
  20 deep trolls
  A shadow dragon zombie (Vaults:3)
  2 wizards (Depths:2)
  A naga ritualist (Snake:4)
  8 deep elf archers
  2 orc knights
  A harpy (shapeshifter) (Depths:3)
  3 phantasmal warriors
  22 ugly things
  8 ironbrand convokers
  3 mana vipers
  3 necromancers
  An iron dragon zombie (Depths:4)
  A tengu skeleton (Depths:4)
  2 harpies
  2 orc sorcerers
  4 wolf spiders
  14 salamanders
  A manticore (D:14)
  17 moths of wrath
  A moth of wrath (shapeshifter) (Depths:4)
  2 cyclopes
  A shining eye (shapeshifter) (Depths:4)
  38 deep elf magi
  3 rust devils
  Maurice (D:12)
  3 elephants (Lair:4)
  Joseph (D:8)
  4 black mambas
  An orange demon (D:15)
  4 vault sentinels
  2 guardian serpents (Snake:4)
  2 guardian serpents (shapeshifter)
  2 stone giant skeletons (Depths:1)
  A black mamba (shapeshifter) (Vaults:5)
  13 spiny frogs
  4 naga magi (Snake:4)
  A centaur zombie (D:12)
  A yaktaur zombie (Depths:1)
  A kobold demonologist (Depths:1)
  2 hellions (Zot:4)
  A rime drake (shapeshifter) (D:14)
  5 komodo dragons
  20 yaktaurs
  3 freezing wraiths
  A rime drake (D:14)
  2 efreet (Zot:4)
  2 tengu conjurers (Depths:2)
  2 hellwings
  A komodo dragon (shapeshifter) (Depths:5)
  A human skeleton (Vaults:3)
  A wind drake (Lair:6)
  5 trolls
  3 tyrant leeches
  A meliai (shapeshifter) (Vaults:3)
  10 red devils
  3 large abominations (Depths:4)
  2 polar bears
  7 hornets
  A blink frog (Lair:6)
  3 hippogriffs
  A spriggan zombie (Depths:1)
  A hippogriff (shapeshifter) (Vaults:5)
  27 slime creatures
  A bog body (Swamp:2)
  An air elemental (Elf:1)
  A vampire (D:13)
  A yak (shapeshifter) (Vaults:3)
  A redback (shapeshifter) (Vaults:5)
  2 shadows
  3 hogs (Swamp:2)
  2 wyverns
  9 redbacks
  An elf zombie (Depths:4)
  4 water elementals
  22 yaks
  3 fire elementals
  3 hungry ghosts
  A basilisk (Lair:5)
  11 vampire mosquitoes
  4 insubstantial wisps
  A warg (Vaults:3)
  9 swamp worms
  A deep troll zombie (Vaults:3)
  Edmund (D:5)
  12 nagas
  7 soldier ants (Lair:2)
  5 hell hounds
  6 water moccasins
  4 porcupines
  5 black bears
  8 ice beasts
  An ettin simulacrum (Vaults:3)
  An eye of draining (shapeshifter) (Vaults:4)
  3 sky beasts
  An eye of draining (D:11)
  A hornet zombie (D:9)
  5 swamp drakes
  20 orc warriors
  4 wolves (Lair:1)
  A centaur (shapeshifter) (Elf:3)
  5 boggarts
  16 ogres
  9 centaurs
  5 crocodiles
  4 big kobolds
  8 bullfrogs
  A water moccasin zombie (D:11)
  2 earth elementals (Elf:3)
  6 scorpions
  5 wights (D:8)
  3 killer bees (D:9)
  9 crimson imps
  3 quasits (Depths:3)
  An iron imp (Depths:3)
  25 orc priests
  5 hounds
  A jelly (D:5)
  2 centaur skeletons
  4 iguanas
  Terence (D:2)
  18 orc wizards
  18 worker ants
  A hound zombie (D:10)
  Robin (D:4)
  A worker ant zombie (D:9)
  18 adders
  9 gnolls
  4 shadow imps
  An ufetubus (Depths:3)
  An ooze (D:1)
  An adder skeleton (D:9)
  3 worms
  4 dart slugs
  6 leopard geckos
  72 orcs
  4 bats
  5 giant cockroaches
  18 goblins
  11 hobgoblins
  11 jackals
  14 kobolds
  5 quokkas
  3 frilled lizards
  A giant cockroach zombie (D:5)
  A leopard gecko skeleton (D:8)
  A quokka skeleton (D:6)
  14 rats
  3 briar patches (Swamp:2)
  A crawling corpse (Elf:3)
  2 fungi
  A lurking horror (Depths:4)
1213 creatures vanquished.

Vanquished Creatures (collateral kills)
  An orb of fire (Zot:5)
  Mara (Depths:1)
  An ancient lich (Zot:5)
  Bai Suzhen (Swamp:4)
  the Lernaean hydra (Swamp:4)
  Saint Roka (Orc:2)
  A curse toe (Zot:4)
  2 Killer Klowns (Zot:3)
  3 golden dragons
  Nikola (Swamp:1)
  A bone dragon (Depths:5)
  Jorgrun (Swamp:2)
  2 liches
  4 tentacled monstrosities
  3 titans (Vaults:5)
  4 quicksilver dragons
  3 deep elf master archers (Elf:3)
  12 Orb Guardians
  A death cob (Zot:5)
  5 shadow dragons
  9 sphinxes
  A thorn hunter (Swamp:2)
  Agnes (Elf:1)
  Kirke (Swamp:2)
  Gastronok (Lair:3)
  5 storm dragons
  9 nagarajas
  3 draconian monks
  2 tengu reavers (Depths:2)
  3 fire giants (Vaults:5)
  9 deep elf sorcerers
  A frost giant (Vaults:5)
  Louise (Swamp:4)
  3 draconian knights
  A draconian stormcaller (Depths:5)
  11 vault wardens
  3 draconian scorchers
  2 deep elf elementalists (Elf:3)
  Aizul (Snake:3)
  2 draconian annihilators
  2 draconian shifters
  7 ironheart preservers
  8 green draconians
  6 very ugly things
  12 stone giants
  6 deep elf demonologists
  3 white draconians
  A dire elephant (Lair:6)
  8 deep elf annihilators
  2 black draconians
  A red draconian (Zot:5)
  4 yellow draconians
  4 purple draconians
  4 ettins
  6 deep elf death magi
  An eidolon (Vaults:3)
  4 jiangshi
  4 fire dragons
  5 yaktaur captains
  The ghost of estick the Cleaver, a journeyman HOGl of Beogh (D:10)
  9 deep elf high priests
  16 naga warriors
  2 great orbs of eyes
  An ice dragon (Vaults:2)
  22 vault guards
  23 hydras
  A catoblepas (Lair:4)
  3 centaur warriors
  10 two-headed ogres
  9 alligators
  10 anacondas
  3 deep troll shamans
  20 dancing weapons
  8 death yaks
  3 ogre magi
  A vampire mage (Depths:2)
  A queen ant (Lair:2)
  A thrashing horror (Depths:4)
  A deep troll earth mage (Depths:5)
  4 shock serpents
  An orc high priest (Depths:1)
  Urug (Lair:3)
  3 spriggan berserkers
  A sun demon (Depths:5)
  4 hell knights (D:15)
  2 soul eaters
  A titan skeleton (Vaults:5)
  10 deep elf knights
  12 naga sharpshooters
  A sixfirhy (D:15)
  4 salamander mystics
  An iron troll (Depths:5)
  A golden dragon zombie (Depths:1)
  2 unseen horrors
  2 shadow demons (Depths:1)
  4 sea snakes
  11 swamp dragons
  A flayed ghost (Depths:3)
  6 deep trolls
  11 deep elf archers
  A tengu zombie (Depths:1)
  9 naga ritualists
  8 orc knights
  A harpy (Depths:5)
  2 wizards (Depths:2)
  10 ironbrand convokers
  4 necromancers
  11 mana vipers
  2 obsidian statues (D:15)
  A phantasmal warrior (Vaults:5)
  An orc sorcerer (Orc:2)
  37 deep elf magi
  4 wolf spiders
  30 ugly things
  An oklob plant (Lair:5)
  4 manticores
  11 salamanders
  5 elephants
  3 cyclopes
  9 vault sentinels
  A cyclops (shapeshifter) (Vaults:5)
  6 guardian serpents (Snake:4)
  A fire giant skeleton (Vaults:5)
  7 moths of wrath
  A black mamba (shapeshifter) (Elf:1)
  3 centaur skeletons
  11 naga magi
  Psyche (D:12)
  3 torpor snails (Lair:6)
  33 black mambas
  2 orange demons
  A gargoyle (D:13)
  15 spiny frogs
  16 yaktaurs
  3 freezing wraiths
  A yaktaur zombie (Vaults:5)
  3 kobold demonologists
  An ice devil (D:15)
  3 rime drakes
  6 komodo dragons (Lair:6)
  An efreet (Zot:4)
  4 hellwings
  A red devil (D:15)
  A queen bee (shapeshifter) (Vaults:1)
  Prince Ribbit (D:8)
  3 trolls
  9 hornets
  A wind drake (Lair:6)
  5 polar bears
  10 blink frogs
  A spriggan zombie (Depths:1)
  A wolf spider simulacrum (Vaults:1)
  7 hippogriffs
  5 tyrant leeches
  26 slime creatures
  4 bog bodies
  A stone giant simulacrum (Vaults:3)
  2 air elementals
  2 ettin skeletons
  2 redbacks
  2 water elementals (Depths:2)
  6 spriggans
  A ynoxinul (Depths:1)
  4 hogs (Swamp:2)
  An orc simulacrum (Vaults:2)
  2 chaos spawn
  18 yaks
  A wyvern (Lair:6)
  4 hungry ghosts
  2 fire elementals (D:12)
  3 basilisks
  A neqoxec (D:15)
  3 vampire mosquitoes
  2 wargs (D:12)
  3 insubstantial wisps (Swamp:2)
  39 nagas
  13 soldier ants (Lair:2)
  10 swamp worms
  A hell hound (D:12)
  3 porcupines
  11 swamp drakes
  A sky beast (D:15)
  13 water moccasins
  An ice beast (D:9)
  A phantom (D:11)
  18 orc warriors
  A necrophage (D:15)
  5 centaurs
  10 ogres
  2 human skeletons (Vaults:2)
  7 crocodiles
  A big kobold (shapeshifter) (Vaults:4)
  5 bullfrogs
  A gnoll sergeant (D:6)
  A scorpion (D:10)
  A killer bee (D:9)
  2 electric eels (Snake:2)
  3 howler monkeys
  6 crimson imps
  A quasit (Depths:3)
  A bullfrog zombie (D:13)
  2 jellies
  A bullfrog skeleton (D:13)
  12 orc priests
  An iguana (D:8)
  23 orc wizards
  13 worker ants
  A hound skeleton (D:9)
  A worker ant zombie (D:10)
  2 gnolls
  2 adders
  A shadow imp (Depths:3)
  3 oozes (Lair:5)
  A leopard gecko (D:10)
  32 orcs
  A jackal (D:7)
  6 kobolds
  A briar patch (Swamp:2)
  A bush (Lair:6)
  5 fungi
  A lurking horror (Depths:4)
  14 plants
1128 creatures vanquished.

Vanquished Creatures (others)
  5 profane servitors
  8 bone dragons
  11 ghouls
  7 vampire knights
  5 storm dragon zombies
  A quicksilver dragon zombie (Vaults:5)
  A very ugly thing zombie (Swamp:3)
  A two-headed ogre (Depths:3)
  A vampire mage (Depths:3)
  13 skeletal warriors
  2 golden dragon zombies (Zot:5)
  9 flayed ghosts
  3 anaconda zombies (Snake:4)
  A shadow dragon zombie (Zot:5)
  2 ironbrand convokers
  10 ugly thing zombies
  5 fire giant zombies
  7 phantasmal warriors
  6 draconian zombies
  2 stone giant zombies
  A moth of wrath (Zot:5)
  A shock serpent zombie (Snake:4)
  4 death yak zombies
  A white draconian zombie (Zot:5)
  3 yellow draconian zombies
  2 iron troll zombies (Depths:4)
  2 green draconian zombies
  A sea snake zombie (Lair:6)
  3 swamp worm zombies
  3 black draconian zombies
  A ghoul skeleton (Zot:5)
  A purple draconian zombie (Zot:1)
  A harpy zombie (Depths:5)
  4 hydra zombies
  2 fire dragon zombies
  2 moth of wrath zombies (Zot:1)
  2 alligator zombies
  4 guardian serpent zombies (Snake:4)
  An ettin zombie (Depths:3)
  18 flying skulls
  10 vampires
  10 black mamba zombies
  A wraith (Lair:5)
  A tyrant leech zombie (Swamp:1)
  10 elf zombies
  2 tengu zombies
  A naga (Snake:4)
  An ogre zombie (Depths:3)
  5 two-headed ogre zombies
  7 deep troll zombies
  6 spiny frog zombies
  4 elephant zombies
  4 hornet zombies
  2 swamp dragon zombies
  A blink frog zombie (Lair:6)
  An ogre (Depths:1)
  A hog zombie (Swamp:2)
  4 vampire mosquito zombies
  A rime drake zombie (Lair:6)
  6 yaktaur zombies
  3 komodo dragon zombies (Lair:6)
  17 human zombies
  A salamander skeleton (Depths:2)
  8 salamander zombies
  2 cyclops zombies (Vaults:2)
  A hippogriff skeleton (D:8)
  2 hell hound zombies
  A hell hound skeleton (D:12)
  4 water moccasin zombies
  A troll zombie (D:12)
  3 warg zombies
  3 spriggan zombies
  5 yak zombies
  A polar bear zombie (Lair:6)
  A wight (Lair:1)
  3 centaur zombies
  2 bullfrog zombies
  3 kobold zombies
  2 bog body skeletons (Swamp:2)
  38 naga zombies
  5 crocodile zombies
  3 naga skeletons (Snake:4)
  A mummy (Lair:1)
  5 worker ant zombies (Lair:2)
  A scorpion zombie (D:6)
  4 swamp drake zombies
  An adder zombie (D:8)
  26 orc zombies
  3 orc skeletons (D:12)
  2 gnoll zombies (D:9)
  A bush (Lair:5)
  20 fungi
  20 plants
428 creatures vanquished.

Grand Total: 2769 creatures vanquished

Notes
Turn   | Place    | Note
-------+----------+-------------------------------------------
     0 | D:1      | wolfsongas the Demonspawn Monk began the quest for the Orb.
     0 | D:1      | Reached XP level 1. HP: 18/18 MP: 1/1
   143 | D:1      | Gained mutation: You have a pair of small horns on your head. [demonic ancestry]
   143 | D:1      | Reached XP level 2. HP: 19/24 MP: 2/2
   789 | D:1      | Gained mutation: You have a pair of horns on your head. [demonic ancestry]
   789 | D:1      | Reached XP level 3. HP: 25/29 MP: 3/3
  1266 | D:2      | Noticed Terence
  1290 | D:2      | Killed Terence
  1290 | D:2      | Reached XP level 4. HP: 27/35 MP: 4/4
  1663 | D:2      | Found a shimmering altar of Xom.
  2125 | D:3      | Reached skill level 5 in Axes
  2287 | D:3      | Reached XP level 5. HP: 31/41 MP: 5/5
  2548 | D:3      | Reached skill level 1 in Armour
  3156 | D:4      | Gained mutation: You are immune to rotting. [demonic ancestry]
  3156 | D:4      | Reached XP level 6. HP: 48/48 MP: 6/6
  3174 | D:4      | Found a glowing golden altar of the Shining One.
  3210 | D:4      | HP: 2/48 [ogre/giant spiked club (15)]
  3913 | D:4      | Found a staircase to the Ecumenical Temple.
  3947 | Temple   | Entered the Ecumenical Temple
  3969 | Temple   | Became a worshipper of Yredelemnul the Dark
  3969 | Temple   | Reached * piety under Yredelemnul
  3969 | Temple   | Reached ** piety under Yredelemnul
  4091 | D:4      | Reached skill level 1 in Invocations
  4091 | D:4      | Gained mutation: You may emit foul miasma when damaged in melee. [demonic ancestry]
  4091 | D:4      | Reached XP level 7. HP: 29/55 MP: 6/8
  4315 | D:4      | Noticed Robin
  4337 | D:4      | Killed Robin
  4404 | D:4      | Got a smoking plate armour
  4415 | D:4      | Identified the cursed +0 plate armour "Put-Me-On" {rC+} (You found it on level 4 of the Dungeon)
  5044 | D:5      | Entered Level 5 of the Dungeon
  5197 | D:5      | Reached skill level 5 in Fighting
  5197 | D:5      | Gained mutation: A weak demonic guardian rushes to your aid. [demonic ancestry]
  5197 | D:5      | Reached XP level 8. HP: 36/62 MP: 11/11
  5631 | D:5      | Noticed Edmund
  5654 | D:5      | Killed Edmund
  5823 | D:5      | Got a pair of encrusted boots
  5829 | D:5      | Identified the +0 pair of boots of Resilience {rElec rPois} (You found it on level 5 of the Dungeon)
  5996 | D:5      | Reached skill level 5 in Invocations
  6202 | D:6      | Reached *** piety under Yredelemnul
  6233 | D:6      | Found a hide-covered altar of Uskayaw.
  6584 | D:6      | Found Losid Kiunk's Magic Scroll Shoppe.
  7500 | D:6      | You fall through a shaft for 2 floors!
  7516 | D:8      | Reached **** piety under Yredelemnul
  7516 | D:8      | Reached XP level 9. HP: 49/69 MP: 13/13
  8575 | D:6      | Bought a scroll of identify for 28 gold pieces
  8575 | D:6      | Bought a scroll of enchant weapon for 105 gold pieces
  8575 | D:6      | Bought a scroll of identify for 28 gold pieces
  8575 | D:6      | Bought a scroll of enchant armour for 105 gold pieces
  8577 | D:6      | Reached skill level 15 in Invocations
  8577 | D:6      | Reached XP level 10. HP: 77/77 MP: 14/21
  8809 | D:8      | Noticed Joseph
  8815 | D:8      | Reached skill level 5 in Armour
  8854 | D:8      | Killed Joseph
  9145 | D:8      | Noticed Prince Ribbit
  9156 | D:8      | Killed Prince Ribbit
  9501 | D:8      | Found a shadowy altar of Dithmenos.
  9641 | D:8      | Received a gift from Yredelemnul (a wight)
 10100 | D:9      | Noticed LetsPracticeRu's ghost (novice TeGl)
 10118 | D:9      | Killed LetsPracticeRu's ghost
 10118 | D:9      | Received a gift from Yredelemnul (2 flying skulls)
 10158 | D:9      | Gained mutation: A demonic guardian rushes to your aid. [demonic ancestry]
 10158 | D:9      | Reached XP level 11. HP: 74/84 MP: 22/22
 10602 | D:9      | Found Ichuv's Antique Armour Emporium.
 10677 | D:9      | Found a staircase to the Lair.
 10811 | D:9      | Gained mutation: You are frail. (-10% HP) [potion of mutation]
 10811 | D:9      | Gained mutation: You can translocate small distances at will. [potion of mutation]
 10811 | D:9      | Gained mutation: Your muscles are strong. (Str +2) [potion of mutation]
 10880 | D:10     | Entered Level 10 of the Dungeon
 11187 | D:10     | Identified a scroll of acquirement
 11283 | D:10     | Noticed estick's ghost (journeyman HOGl)
 11311 | D:10     | Killed estick's ghost
 11709 | D:10     | Found Vyro's Food Shop.
 12232 | D:11     | Reached skill level 10 in Axes
 12260 | D:11     | Reached ***** piety under Yredelemnul
 12619 | D:11     | Received a gift from Yredelemnul (a mummy)
 13282 | Lair:1   | Entered Level 1 of the Lair of Beasts
 13462 | Lair:1   | Noticed an eight-headed hydra
 13475 | Lair:1   | Killed an 11-headed hydra
 14106 | Lair:1   | Received a gift from Yredelemnul (2 flying skulls)
 14893 | Lair:2   | Found a staircase to the Snake Pit.
 14908 | Lair:2   | Gained mutation: You have a somewhat thin skeletal structure. (Dex +2, Stealth) [demonic ancestry]
 14908 | Lair:2   | Reached XP level 12. HP: 84/84 MP: 23/23
 14957 | Lair:2   | Noticed an eight-headed hydra
 14963 | Lair:2   | Killed a ten-headed hydra
 15011 | Lair:2   | Found a staircase to the Swamp.
 15189 | Lair:2   | Noticed a queen ant
 15209 | Lair:2   | Killed a queen ant
 15210 | Lair:2   | Received a gift from Yredelemnul (4 flying skulls)
 15419 | Lair:2   | Received a gift from Yredelemnul (a vampire)
 15838 | Lair:3   | Noticed Urug
 15853 | Lair:3   | Killed Urug
 16041 | Lair:3   | Got a twisted scale mail
 16070 | Lair:3   | Identified the cursed +1 scale mail "Nuutoruu" {rCorr Str-4 Int+6 Slay+6} (You found it on level 3 of the Lair of Beasts)
 16224 | Lair:3   | Noticed Gastronok
 16230 | Lair:3   | Killed Gastronok
 16879 | Lair:4   | Received a gift from Yredelemnul (3 flying skulls)
 17418 | Lair:4   | Noticed a death yak
 17418 | Lair:4   | Noticed a death yak
 17419 | Lair:4   | Noticed a death yak
 17420 | Lair:4   | Noticed a death yak
 17421 | Lair:4   | Noticed a catoblepas
 17421 | Lair:4   | Noticed a death yak
 17422 | Lair:4   | Noticed a death yak
 17476 | Lair:4   | Killed a death yak
 17476 | Lair:4   | Killed a death yak
 17480 | Lair:4   | Killed a catoblepas
 17482 | Lair:4   | Killed a death yak
 17486 | Lair:4   | Killed a death yak
 17490 | Lair:4   | Killed a death yak
 17490 | Lair:4   | Reached skill level 10 in Fighting
 17490 | Lair:4   | Gained mutation: You have a pair of large horns on your head. [demonic ancestry]
 17490 | Lair:4   | Reached XP level 13. HP: 52/92 MP: 12/24
 17887 | Lair:4   | You fall through a shaft for 2 floors!
 17887 | Lair:6   | Entered Level 6 of the Lair of Beasts
 18493 | Lair:5   | Found a shadowy altar of Dithmenos.
 18494 | Lair:5   | Got an encrusted mace
 18499 | Lair:5   | Identified the cursed +1 mace "Eculitra" {crush, rF+ Str-4 Int+3 Dex+2} (You found it on level 5 of the Lair of Beasts)
 18789 | Lair:5   | Received a gift from Yredelemnul (a wraith)
 19081 | Lair:5   | Found a runed door.
 19081 | Lair:5   | Found a viscous altar of Jiyva.
 19086 | Lair:5   | Found a staircase to the Slime Pits.
 19202 | Lair:5   | Received a gift from Yredelemnul (a vampire)
 19711 | Lair:6   | Noticed a dire elephant
 19729 | Lair:6   | Killed a dire elephant
 19765 | Lair:6   | Received a gift from Yredelemnul (a phantasmal warrior)
 19997 | Lair:6   | Received a gift from Yredelemnul (4 flying skulls)
 20712 | Lair:6   | Reached skill level 10 in Armour
 20713 | Lair:6   | Received a gift from Yredelemnul (3 flying skulls)
 21319 | D:12     | Reached XP level 14. HP: 92/101 MP: 12/26
 21338 | D:12     | Received a gift from Yredelemnul (a flayed ghost)
 21645 | D:12     | Found a staircase to the Orcish Mines.
 21664 | D:12     | Noticed Maurice
 21697 | D:12     | Killed Maurice
 21771 | D:12     | Got a brightly glowing plate armour
 21772 | D:12     | Identified the +12 plate armour of the Blizzard {rF- rN+ rCorr Str+8} (You found it on level 12 of the Dungeon)
 21774 | D:12     | Noticed Azrael
 21838 | D:12     | Received a gift from Yredelemnul (a vampire knight)
 21869 | D:12     | Noticed senyk's ghost (journeyman FoFi)
 21881 | D:12     | Killed senyk's ghost
 22019 | D:12     | Noticed Psyche
 22025 | D:12     | Killed Psyche
 22130 | D:12     | Killed Azrael
 23119 | D:13     | Received a gift from Yredelemnul (a ghoul)
 23143 | D:13     | Found a gate to the Vaults.
 23337 | D:13     | Received a gift from Yredelemnul (a ghoul)
 23409 | D:13     | Found Zokkef's Antique Armour Shoppe.
 23906 | Snake:1  | Entered Level 1 of the Snake Pit
 24250 | Snake:1  | Received a gift from Yredelemnul (a vampire)
 25469 | Snake:2  | Received a gift from Yredelemnul (a ghoul)
 25602 | Snake:2  | Noticed a nagaraja
 25614 | Snake:2  | Killed a nagaraja
 25751 | Snake:2  | Reached skill level 15 in Axes
 25799 | Snake:3  | Received a gift from Yredelemnul (a skeletal warrior)
 26074 | Snake:3  | Lost mutation: You are frail. (-10% HP) [demonic ancestry]
 26074 | Snake:3  | Gained mutation: You are robust. (+10% HP) [demonic ancestry]
 26074 | Snake:3  | Reached XP level 15. HP: 81/134 MP: 27/27
 26088 | Snake:3  | Noticed Aizul
 26095 | Snake:3  | Killed Aizul
 26837 | Snake:3  | Found Muzer's Magic Scroll Boutique.
 26845 | Snake:3  | Bought a scroll of identify for 26 gold pieces
 26845 | Snake:3  | Bought a scroll of teleportation for 39 gold pieces
 26845 | Snake:3  | Bought a scroll of teleportation for 39 gold pieces
 26957 | Snake:4  | Entered Level 4 of the Snake Pit
 27207 | Snake:4  | Received a gift from Yredelemnul (a vampire)
 27226 | Snake:4  | Found Ukubom's Jewellery Shop.
 27227 | Snake:4  | Found Lyrghoyrch's Gadget Shoppe.
 27227 | Snake:4  | Found Myhettyu's Gadget Shoppe.
 27291 | Snake:4  | Noticed wolfsongas's ghost (adept DsGl)
 27331 | Snake:4  | Killed wolfsongas's ghost
 27905 | Snake:4  | Received a gift from Yredelemnul (a vampire knight)
 28795 | Snake:4  | Noticed a nagaraja
 28819 | Snake:4  | Killed a nagaraja
 28820 | Snake:4  | Received a gift from Yredelemnul (a profane servitor)
 28827 | Snake:4  | Noticed a nagaraja
 28832 | Snake:4  | Killed a nagaraja
 28832 | Snake:4  | Reached ****** piety under Yredelemnul
 28856 | Snake:4  | Noticed a nagaraja
 28867 | Snake:4  | Killed a nagaraja
 29278 | Snake:4  | Received a gift from Yredelemnul (a vampire)
 29313 | Snake:4  | Noticed a nagaraja
 29317 | Snake:4  | Killed a nagaraja
 29332 | Snake:4  | Received a gift from Yredelemnul (a skeletal warrior)
 29364 | Snake:4  | Noticed a nagaraja
 29371 | Snake:4  | Noticed a nagaraja
 29376 | Snake:4  | Killed a nagaraja
 29390 | Snake:4  | Killed a nagaraja
 29409 | Snake:4  | Gained mutation: You are very robust. (+20% HP) [demonic ancestry]
 29409 | Snake:4  | Reached XP level 16. HP: 69/159 MP: 8/28
 29956 | Snake:4  | Got a serpentine rune of Zot
 30192 | D:10     | Bought a ration for 50 gold pieces
 30192 | D:10     | Bought a ration for 50 gold pieces
 30192 | D:10     | Bought a ration for 50 gold pieces
 30192 | D:10     | Bought a ration for 50 gold pieces
 30192 | D:10     | Bought a ration for 50 gold pieces
 30192 | D:10     | Bought a ration for 50 gold pieces
 31119 | Snake:4  | Received a gift from Yredelemnul (a vampire knight)
 31366 | Swamp:1  | Entered Level 1 of the Swamp
 31791 | Swamp:1  | Noticed Nikola
 31799 | Swamp:1  | Killed Nikola
 31816 | Swamp:1  | Received a gift from Yredelemnul (a vampire)
 32266 | Swamp:2  | Received a gift from Yredelemnul (a flayed ghost)
 32653 | Swamp:2  | Noticed Jorgrun
 32654 | Swamp:2  | Noticed Kirke
 32661 | Swamp:2  | Killed Jorgrun
 32683 | Swamp:2  | Killed Kirke
 32906 | Swamp:2  | Noticed a thorn hunter
 32925 | Swamp:2  | Killed a thorn hunter
 33295 | Swamp:2  | Received a gift from Yredelemnul (a skeletal warrior)
 34091 | Swamp:3  | Received a gift from Yredelemnul (a vampire knight)
 34946 | Swamp:4  | Entered Level 4 of the Swamp
 35031 | Swamp:4  | Noticed Bai Suzhen
 35053 | Swamp:4  | Killed Bai Suzhen
 35063 | Swamp:4  | Received a gift from Yredelemnul (a bone dragon)
 35207 | Swamp:4  | Noticed Louise
 35217 | Swamp:4  | Killed Louise
 35262 | Swamp:4  | Noticed the 27-headed Lernaean hydra
 35268 | Swamp:4  | Killed the 27-headed Lernaean hydra
 35270 | Swamp:4  | Gained mutation: You have a moderately thin skeletal structure. (Dex +4, Stealth+) [demonic ancestry]
 35270 | Swamp:4  | Reached XP level 17. HP: 153/168 MP: 29/29
 35301 | Swamp:4  | Your ally Bai Suzhen died
 35608 | Swamp:4  | Got a decaying rune of Zot
 36211 | Swamp:1  | Received a gift from Yredelemnul (a bone dragon)
 36380 | Orc:1    | Entered Level 1 of the Orcish Mines
 36595 | Orc:2    | Entered Level 2 of the Orcish Mines
 36595 | Orc:2    | Found Vycidoalio's Antique Armour Shoppe.
 36639 | Orc:2    | Found a staircase to the Elven Halls.
 36731 | Orc:2    | Found a roughly hewn altar of Beogh.
 36827 | Orc:2    | Received a gift from Yredelemnul (a profane servitor)
 36844 | Orc:2    | Found a roughly hewn altar of Beogh.
 36857 | Orc:2    | Found Riulojosch's Weapon Shop.
 36941 | Orc:2    | Found a roughly hewn altar of Beogh.
 36965 | Orc:2    | Received a gift from Yredelemnul (a profane servitor)
 36996 | Orc:2    | Found a roughly hewn altar of Beogh.
 37007 | Orc:2    | Noticed Saint Roka
 37024 | Orc:2    | Killed Saint Roka
 37051 | Orc:2    | Received a gift from Yredelemnul (a flayed ghost)
 37304 | Orc:2    | Found Niebit's Antique Weapon Boutique.
 37305 | Orc:2    | Found a roughly hewn altar of Beogh.
 37306 | Orc:2    | Found Syfikiec's Antique Armour Shop.
 37439 | Orc:2    | Received a gift from Yredelemnul (a vampire knight)
 37447 | Orc:2    | Found a roughly hewn altar of Beogh.
 37457 | Orc:2    | Found Zylaxzu's General Store.
 37463 | Orc:2    | Bought a scroll of identify for 28 gold pieces
 37463 | Orc:2    | Bought 2 scrolls of blinking for 210 gold pieces
 37463 | Orc:2    | Bought a scroll of magic mapping for 49 gold pieces
 37463 | Orc:2    | Bought a ration for 70 gold pieces
 37565 | Orc:2    | Found a roughly hewn altar of Beogh.
 37654 | Orc:2    | Found a roughly hewn altar of Beogh.
 37799 | Orc:1    | Found Rarilet's Assorted Antiques.
 37809 | Orc:1    | Bought a potion of mutation for 296 gold pieces
 37809 | Orc:1    | Lost mutation: Your muscles are strong. (Str +2) [potion of mutation]
 37809 | Orc:1    | Lost mutation: You can translocate small distances at will. [potion of mutation]
 37809 | Orc:1    | Gained mutation: Your spells are a little harder to cast, but a little more powerful. [potion of mutation]
 37809 | Orc:1    | Gained mutation: Your magical capacity is low. (-10% MP) [potion of mutation]
 37809 | Orc:1    | Gained mutation: Your muscles are strong. (Str +2) [potion of mutation]
 37810 | Orc:1    | Lost mutation: Your spells are a little harder to cast, but a little more powerful. [potion of mutation]
 37810 | Orc:1    | Lost mutation: Your muscles are strong. (Str +2) [potion of mutation]
 37810 | Orc:1    | Lost mutation: Your magical capacity is low. (-10% MP) [potion of mutation]
 37810 | Orc:1    | Gained mutation: You passively map a small area around you. [potion of mutation]
 37810 | Orc:1    | Gained mutation: You are extremely robust. (+30% HP) [potion of mutation]
 37810 | Orc:1    | Gained mutation: You passively map the area around you. [potion of mutation]
 37889 | Orc:1    | Received a gift from Yredelemnul (a flayed ghost)
 38256 | D:14     | Reached skill level 15 in Fighting
 38277 | D:14     | Got the broad axe of Purpose {freeze}
 38410 | D:14     | Identified the +2 broad axe of Purpose {freeze, +Inv rPois Str+2 Int+2} (You found it on level 14 of the Dungeon)
 38601 | D:14     | Received a gift from Yredelemnul (a vampire)
 38905 | D:15     | Entered Level 15 of the Dungeon
 38990 | D:15     | Found a burning altar of Makhleb.
 38993 | D:15     | Found a burning altar of Makhleb.
 38994 | D:15     | Found the cursed +14 obsidian axe {chop, +Fly SInv *Curse}
 39363 | D:15     | Received a gift from Yredelemnul (a skeletal warrior)
 39386 | D:15     | Found a staircase to the Depths.
 39563 | D:15     | Received a gift from Yredelemnul (a vampire knight)
 39683 | Vaults:1 | Entered Level 1 of the Vaults
 39747 | Vaults:1 | Received a gift from Yredelemnul (a skeletal warrior)
 40507 | Vaults:1 | Noticed a Tzitzimitl
 40750 | Vaults:1 | Received a gift from Yredelemnul (a vampire)
 40977 | Vaults:1 | Reached XP level 18. HP: 173/193 MP: 30/30
 41171 | Vaults:1 | Received a gift from Yredelemnul (a skeletal warrior)
 42299 | Vaults:2 | Received a gift from Yredelemnul (a flayed ghost)
 42721 | Vaults:2 | Received a gift from Yredelemnul (a skeletal warrior)
 43672 | Vaults:3 | Received a gift from Yredelemnul (a flayed ghost)
 44679 | Vaults:3 | Found a staircase to the Crypt.
 44724 | Vaults:3 | Found Mughuno's Distillery.
 44740 | Vaults:3 | Bought a potion of invisibility for 144 gold pieces
 44740 | Vaults:3 | Bought a potion of curing for 54 gold pieces
 44740 | Vaults:3 | Bought a potion of heal wounds for 90 gold pieces
 45290 | Vaults:4 | Received a gift from Yredelemnul (a ghoul)
 45642 | Vaults:4 | Reached XP level 19. HP: 94/204 MP: 32/32
 46057 | Vaults:4 | Found Gidghe's Book Emporium.
 46571 | Elf:1    | Entered Level 1 of the Elven Halls
 47177 | Elf:1    | Noticed Agnes
 47185 | Elf:1    | Killed Agnes
 47188 | Elf:1    | Received a gift from Yredelemnul (a bone dragon)
 47305 | Elf:1    | Found a portal to a secret trove of treasure.
 47479 | Elf:1    | You fall through a shaft!
 47690 | Elf:2    | Received a gift from Yredelemnul (a phantasmal warrior)
 47813 | Elf:2    | Found a huge runed gate.
 47813 | Elf:2    | Found a huge runed gate.
 47813 | Elf:2    | Found a huge runed gate.
 47813 | Elf:2    | Found a huge runed gate.
 47819 | Elf:2    | Found a huge runed gate.
 48077 | Elf:2    | Received a gift from Yredelemnul (a vampire knight)
 48231 | Elf:3    | Entered Level 3 of the Elven Halls
 48254 | Elf:3    | Received a gift from Yredelemnul (a vampire)
 48400 | Elf:3    | Received a gift from Yredelemnul (a flayed ghost)
 48459 | Elf:3    | Received a gift from Yredelemnul (a ghoul)
 48459 | Elf:3    | Received a gift from Yredelemnul (a vampire)
 48802 | Elf:3    | Got a scintillating copper ring
 48840 | Elf:3    | Received a gift from Yredelemnul (a bone dragon)
 48918 | Elf:3    | Reached skill level 15 in Armour
 48932 | Elf:3    | Identified Qaneghib's Almanac of the Rocks
 48969 | Elf:3    | Identified the ring of Evehiulifa {+Fly rElec rN+ MR+ Int+3} (You took it off a deep elf demonologist on level 3 of the Elven Halls)
 48970 | Elf:3    | Identified the +6 plate armour "Zextuduf" {rF++ rCorr Str-4 Dex+4} (You found it on level 3 of the Elven Halls)
 49456 | Elf:3    | Reached XP level 20. HP: 207/218 MP: 34/34
 49536 | Elf:3    | Received a gift from Yredelemnul (a flayed ghost)
 50158 | Depths:1 | Entered Level 1 of the Depths
 50171 | Depths:1 | Received a gift from Yredelemnul (a ghoul)
 50375 | Depths:1 | Found a deep blue altar of Sif Muna.
 50412 | Depths:1 | Received a gift from Yredelemnul (a ghoul)
 50430 | Depths:1 | Got a twitching bone amulet
 50433 | Depths:1 | Identified the amulet of Spite {RegenMP MR+ Dex+4} (You took it off a deep elf demonologist on level 1 of the Depths)
 50469 | Depths:1 | Identified the Catalogue of Creation
 50600 | Depths:1 | Noticed Mara
 50612 | Depths:1 | Killed Mara
 50663 | Depths:1 | Found a gateway to Hell.
 50665 | Depths:1 | Found Viyp's Antique Weapon Shoppe.
 51009 | Depths:1 | Received a gift from Yredelemnul (a skeletal warrior)
 51250 | Depths:1 | Found a one-way gate to the infinite horrors of the Abyss.
 51535 | Depths:2 | Received a gift from Yredelemnul (a phantasmal warrior)
 52651 | Depths:2 | Received a gift from Yredelemnul (a skeletal warrior)
 52931 | Depths:3 | Gained mutation: A powerful demonic guardian rushes to your aid. [demonic ancestry]
 52931 | Depths:3 | Reached XP level 21. HP: 171/230 MP: 35/35
 53050 | Depths:3 | Received a gift from Yredelemnul (a skeletal warrior)
 53307 | Depths:3 | Noticed a caustic shrike
 53314 | Depths:3 | Killed a caustic shrike
 53693 | Depths:3 | Received a gift from Yredelemnul (a phantasmal warrior)
 54130 | Depths:3 | Received a gift from Yredelemnul (a phantasmal warrior)
 54133 | Depths:3 | Found a one-way gate leading to the halls of Pandemonium.
 54862 | Depths:4 | Found a gateway to a ziggurat.
 54895 | Depths:4 | Found a transporter.
 54902 | Depths:4 | Found a corrupted altar of Lugonu.
 54934 | Depths:4 | Received a gift from Yredelemnul (a skeletal warrior)
 55321 | Depths:4 | Found a transporter.
 55765 | Depths:4 | Received a gift from Yredelemnul (a flayed ghost)
 55925 | Depths:4 | Received a gift from Yredelemnul (a profane servitor)
 57001 | Depths:5 | Entered Level 5 of the Depths
 57063 | Depths:5 | Noticed a golden dragon
 57077 | Depths:5 | Killed a golden dragon
 57077 | Depths:5 | Received a gift from Yredelemnul (a ghoul)
 57256 | Depths:5 | Found a gate to the Realm of Zot.
 57318 | Depths:5 | Identified the +2 robe "Qokiun" {rPois} (You found it on level 5 of the Depths)
 57942 | Depths:5 | Received a gift from Yredelemnul (a bone dragon)
 58003 | Depths:5 | Gained mutation: You have an unnaturally thin skeletal structure. (Dex +6, Stealth++) [demonic ancestry]
 58003 | Depths:5 | Reached XP level 22. HP: 247/247 MP: 29/36
 58014 | Depths:5 | Received a gift from Yredelemnul (a bone dragon)
 58475 | Vaults:5 | Entered Level 5 of the Vaults
 58483 | Vaults:5 | Received a gift from Yredelemnul (a phantasmal warrior)
 58495 | Vaults:5 | Received a gift from Yredelemnul (a bone dragon)
 58518 | Vaults:5 | Received a gift from Yredelemnul (a phantasmal warrior)
 58970 | Vaults:5 | Received a gift from Yredelemnul (a ghoul)
 59022 | Vaults:5 | Noticed a golden dragon
 59029 | Vaults:5 | Killed a golden dragon
 59134 | Vaults:5 | Got a silver rune of Zot
 59196 | Vaults:5 | Received a gift from Yredelemnul (a skeletal warrior)
 59263 | Vaults:5 | Reached XP level 23. HP: 258/258 MP: 19/37
 59582 | Vaults:5 | Found the +7 Singing Sword
 59981 | Vaults:5 | Identified the Incunabulum of the Arsonist and Aid
 60111 | Vaults:5 | Identified Sif Muna's Tome of Dislocated Flames
 60662 | Zot:1    | Entered Level 1 of the Realm of Zot
 61085 | Zot:1    | Received a gift from Yredelemnul (a ghoul)
 61928 | Zot:1    | Received a gift from Yredelemnul (a profane servitor)
 62768 | Zot:2    | Noticed an orb of fire
 62768 | Zot:2    | Gained mutation: Armour fits poorly on your strangely shaped body. [an orb of fire]
 62786 | Zot:2    | Gained mutation: You are weak. (Str -2) [an orb of fire]
 62792 | Zot:2    | Gained mutation: Your spells are a little easier to cast, but a little less powerful. [an orb of fire]
 62796 | Zot:2    | Killed an orb of fire
 63149 | Zot:3    | Noticed a Killer Klown
 63152 | Zot:3    | Noticed a Killer Klown
 63174 | Zot:3    | Killed a Killer Klown
 63179 | Zot:3    | Killed a Killer Klown
 63258 | Zot:3    | Received a gift from Yredelemnul (a ghoul)
 63468 | Zot:3    | Noticed a Killer Klown
 63492 | Zot:3    | Killed a Killer Klown
 63648 | Zot:4    | Noticed a curse toe
 63661 | Zot:4    | Killed a curse toe
 64426 | Zot:4    | Gained mutation: You frequently emit foul miasma when damaged in melee. [demonic ancestry]
 64426 | Zot:4    | Reached XP level 24. HP: 274/274 MP: 37/38
 64490 | Zot:4    | Received a gift from Yredelemnul (a bone dragon)
 64717 | Zot:4    | Found an opulent altar of Gozag.
 64801 | Zot:5    | Entered Level 5 of the Realm of Zot
 65510 | Zot:5    | Noticed an ancient lich
 65524 | Zot:5    | Killed an ancient lich
 65601 | Zot:5    | Noticed an orb of fire
 65609 | Zot:5    | Noticed an orb of fire
 65612 | Zot:5    | Killed an orb of fire
 65615 | Zot:5    | Noticed an orb of fire
 65620 | Zot:5    | Received a gift from Yredelemnul (a skeletal warrior)
 65622 | Zot:5    | Killed an ancient lich
 65623 | Zot:5    | Gained mutation: You are clumsy. (Dex -2) [an orb of fire]
 65625 | Zot:5    | Killed an orb of fire
 65628 | Zot:5    | Lost mutation: You are extremely robust. (+30% HP) [an orb of fire]
 65635 | Zot:5    | Gained mutation: Your magical capacity is low. (-10% MP) [an orb of fire]
 65636 | Zot:5    | Gained mutation: Your flesh is cold resistant. (rC+) [an orb of fire]
 65638 | Zot:5    | Killed an orb of fire
 66408 | Zot:5    | Received a gift from Yredelemnul (a ghoul)
 66456 | Zot:5    | Noticed an orb of fire
 66466 | Zot:5    | Gained mutation: You are very clumsy. (Dex -4) [an orb of fire]
 66467 | Zot:5    | Lost mutation: You are very clumsy. (Dex -4) [an orb of fire]
 66483 | Zot:5    | Gained mutation: You are very weak. (Str -4) [an orb of fire]
 66484 | Zot:5    | Killed an orb of fire
 66731 | Zot:5    | Got the Orb of Zot
 66766 | Zot:5    | Noticed an orb of fire
 66885 | Depths:5 | Noticed Ukhlehai the pandemonium lord
 66886 | Depths:5 | Gained mutation: Your magical capacity is very low. (-20% MP) [a neqoxec]
 67324 | D:$      | Escaped with the Orb!

Vault maps used:
D:1:      tarquinn_simple_flora_water_e
D:2:      xom_teletrap_fun, first_ration, uniq_terence
D:4:      tso_altar, minmay_temple_entry_trees, uniq_robin
D:5:      uniq_edmund
D:6:      lemuel_crystal_altar, serial_shops, shop
D:8:      grunt_dithmenos_smoke_and_mirrors, uniq_joseph, uniq_prince_ribbit1
D:9:      grunt_lair_entry_orc_guard_hut, serial_shops,
          nicolae_shop_temple_entry_statues_fountains
D:10:     serial_shops, nicolae_shop_behind_doors
D:12:     erik_orc_4, uniq_maurice, uniq_psyche, uniq_azrael
D:13:     erik_vaults_2, serial_shops, kennysheep_little_box
D:14:     minmay_coctagon, kennysheep_nondescript
D:15:     hangedman_depths_entry_try_elsewhere_first,
          grunt_guarded_unrand_obsidian_axe
Temple:   compressed_dpeg_circular_temple
Lair:1:   st_stairs_5, serial_bayou_crossing, infiniplex_staircase_pool_2,
          grunt_megastairs_2
Lair:2:   swamp_mist, guppyfry_snake_entry_garden, minivault_29
Lair:3:   uniq_gastronok, uniq_urug
Lair:4:   nicolae_quartered_pool_little
Lair:5:   slime_altar_2, lemuel_oklob_altar
Lair:6:   gammafunk_lair_ancient_temple, minivault_19
Swamp:1:  nicolae_swamp_treefoil, swamp_pool2, uniq_nikola
Swamp:2:  cheibrodos_swamp_heart_of_darkness, hangedman_swamp_diagram,
          uniq_jorgrun, uniq_kirke
Swamp:3:  evilmike_swamp_ruin_house_1
Swamp:4:  swamp_old_school, uniq_bai_suzhen, uniq_louise
Snake:1:  nicolae_snake_double_loop, corexii_hall_statues_i,
          serial_bayou_shore_b
Snake:2:  serial_bayou_shore_b, serial_bayou_shore_a
Snake:3:  serial_shops, shop, basic_stair_grate_trap, uniq_aizul
Snake:4:  johnstein_snake_rune_scales, minmay_shop_grove
Orc:1:    serial_shops, nicolae_shop_waterfront
Orc:2:    grunt_orc_community_town_hall, grunt_orc_community_big_house_2,
          grunt_orc_community_big_house_1, grunt_orc_community_house_1,
          grunt_orc_community_house_1, grunt_orc_community_house_1,
          grunt_orc_community_house_1, grunt_orc_community_house_1,
          serial_shops, shop, david_defended_altar_orc
Elf:1:    elf_arrival_002, enter_trove_3, hangedman_elf_represent, spider_trap,
          uniq_agnes
Elf:2:    einodemon_armed_red_devil_minivault
Elf:3:    minmay_elf_hall_not_hex, serial_glass, glass_columns_c,
          glass_columns_b
Vaults:1: nicolae_vaults_what_the_h, ontoclasm_vaults_spin,
          vaults_standard_mumra_x, ontoclasm_vaults_gateway, st_star,
          nicolae_vaults_network_barrier, vaults_dpeg_ring
Vaults:2: v_misc_29, v_misc_2, v_misc_17, nicolae_vaults_ring_of_whatevers,
          vaults_room_guarded_vault, v_misc_3, vaults_room_grid,
          nicolae_vaults_little_squares_3, nicolae_vaults_gold_heap
Vaults:3: nicolae_vaults_little_squares_4, nicolae_vaults_twisting_passages,
          ontoclasm_vaults_chip, ontoclasm_vaults_loading_screen,
          ontoclasm_vaults_bender, ontoclasm_vaults_ring_large,
          nicolae_vaults_three_branches, ontoclasm_vaults_tryst, v_misc_24,
          minmay_crypt_entry_simple_plaza, v_alt_pattern_3,
          vaults_room_door_ring, v_misc_9, ontoclasm_vaults_chip,
          vaults_dpeg_diagonal, serial_shops, nicolae_shop_stone
Vaults:4: nicolae_vaults_circle_grid_b, hangedman_vaults_nodes, v_misc_22,
          vaults_mumra_chevron, hangedman_vaults_capsules, v_rooms_4,
          ontoclasm_vaults_claustrophobia, hangedman_vaults_corner_blocks,
          nicolae_vaults_stairing_the_circle, vaults_dpeg_cross,
          ontoclasm_vaults_fault, ontoclasm_vaults_chip, serial_shops, shop
Depths:1: nicolae_benzene_ring, hell_entry, serial_shops,
          nicolae_shop_statue_plus, marbit_kobold_abyss_entry,
          hangedman_summoners_spam, uniq_mara, uniq_saint_roka
Depths:2: minmay_chopped_fan, pf_hell_entry_tar_spiral, minmay_misc_feat_square,
          minivault_14, spider_trap, serial_sigils_hangedman_clutch
Depths:3: hangedman_cross_veins, grunt_pan_entry_in_and_out, pf_coc_iceberg
Depths:4: gammafunk_corrupted_shrine, enter_ziggurat_f, pan_entry, hellmouth_3,
          abyss_entry, hangedman_decor_riveting
Depths:5: evilmike_zot_entry_diamond, abyss_entry_small_statue_room,
          pf_hell_entry_great_geh, special_room
Zot:3:    grunt_zot_stairs_faceoff, st_stairs_3, uniq_tiamat
Zot:4:    kennysheep_blocky_hall, basic_altar, basic_loot_grate_trap,
          hangedman_hellfire_club
Zot:5:    hangedman_zot_decor_scrapings

Skill      XL: |  1  2  3  4  5  6  7  8  9 10 11 12 13 14 15 16 17 18 19 20 21 22 23 24 |
---------------+-------------------------------------------------------------------------+-----
Axes           | 3 4 5 6 7 8 9 10 12 13 15 16 18 19 20 21 | 21.8
Armour         | 1 2 3 4 5 7 8 10 11 12 14 15 16 17 18 19 | 19.5
Fighting       | 4 5 6 7 8 10 11 12 14 15 16 17 18 19 20 22 23 | 23.4
Invocations    | 1 4 6 15 16 17 18 20 21 22 23 | 23.0
Dodging        | |  2.6
Stealth        | |  1.7

Action                   |  1- 3 |  4- 6 |  7- 9 | 10-12 | 13-15 | 16-18 | 19-21 | 22-24 || total
-------------------------+-------+-------+-------+-------+-------+-------+-------+-------++-------
Melee: Hand axe          |   122 |   281 |   104 |       |       |       |       |       ||   507
       Headbutt          |    10 |    39 |    66 |    95 |   101 |   285 |   321 |   356 ||  1273
       War axe           |       |       |    39 |       |       |       |       |       ||    39
       Broad axe         |       |       |   167 |   507 |   371 |   738 |       |       ||  1783
       Unarmed           |       |       |       |       |       |     2 |       |       ||     2
       Battleaxe         |       |       |       |       |       |   179 |   849 |   840 ||  1868
Invok: Recall Undead Sla |       |       |     2 |     4 |     9 |    13 |    12 |    10 ||    50
       Animate Remains   |       |       |     2 |       |       |       |       |       ||     2
       Injury Mirror     |       |       |     1 |       |       |       |       |       ||     1
       Animate Dead      |       |       |     3 |    35 |   100 |    83 |    77 |    49 ||   347
       Drain Life        |       |       |       |    11 |    26 |    14 |    46 |    30 ||   127
Evoke: Wand              |       |       |       |       |     2 |       |     1 |    32 ||    35
  Use: Scroll            |       |    10 |    13 |    17 |    11 |     8 |    18 |    24 ||   101
       Potion            |       |     5 |     4 |     6 |     7 |     3 |     6 |    11 ||    42
 Stab: Sleeping          |     1 |       |       |       |       |       |       |       ||     1
       Distracted        |       |       |       |     4 |     9 |    23 |    26 |    43 ||   105
       Petrifying        |       |       |       |     1 |       |       |       |       ||     1
       Paralysed         |       |       |       |       |     6 |     8 |       |       ||    14
       Confused          |       |       |       |       |     1 |       |       |       ||     1
  Eat: Ration            |     1 |     1 |     4 |    10 |    23 |    19 |    23 |    16 ||    97
       Chunk             |       |     5 |     1 |     9 |     2 |    14 |     4 |     3 ||    38
Armor: Robe              |    10 |       |       |       |       |       |       |       ||    10
       Plate armour      |    74 |   224 |   281 |   500 |   381 |   753 |   640 |   761 ||  3614
       Skin              |       |       |       |       |     1 |       |       |       ||     1
Dodge: Dodged            |    32 |    31 |    67 |   190 |   207 |   409 |   356 |   328 ||  1620

Table legend:
 A = Spawn XP
 B = Non-spawn XP
 C = Spawn XP percentage of total XP
 D = Spawn monster count
 E = Non-spawn monster count
 F = Spawn count percentage of total count
 G = Total turns spent on level
                    A         B        C        D         E        F      G
               +---------+---------+-------+---------+---------+-------+---------
         Total |       0 | 1125128 |   0.0 |       0 |    2313 |   0.0 | 67324
               +---------+---------+-------+---------+---------+-------+---------
           D:1 |       0 |      60 |   0.0 |       0 |      31 |   0.0 |  1329
           D:2 |       0 |      90 |   0.0 |       0 |      17 |   0.0 |   839
           D:3 |       0 |     378 |   0.0 |       0 |      31 |   0.0 |  1648
           D:4 |       0 |     675 |   0.0 |       0 |      38 |   0.0 |  1198
           D:5 |       0 |     541 |   0.0 |       0 |      15 |   0.0 |  1143
           D:6 |       0 |     932 |   0.0 |       0 |      34 |   0.0 |  1324
           D:7 |       0 |     704 |   0.0 |       0 |      10 |   0.0 |  1052
           D:8 |       0 |    2219 |   0.0 |       0 |      39 |   0.0 |  1533
           D:9 |       0 |    3473 |   0.0 |       0 |      44 |   0.0 |  1132
          D:10 |       0 |    2895 |   0.0 |       0 |      25 |   0.0 |  1474
          D:11 |       0 |    2337 |   0.0 |       0 |      34 |   0.0 |  1099
          D:12 |       0 |    8824 |   0.0 |       0 |      58 |   0.0 |  1754
          D:13 |       0 |   10478 |   0.0 |       0 |      46 |   0.0 |  1253
          D:14 |       0 |    8983 |   0.0 |       0 |      28 |   0.0 |   967
          D:15 |       0 |   18232 |   0.0 |       0 |      53 |   0.0 |   979
        Lair:1 |       0 |    4008 |   0.0 |       0 |      18 |   0.0 |  1759
        Lair:2 |       0 |    4401 |   0.0 |       0 |      46 |   0.0 |  1240
        Lair:3 |       0 |    4191 |   0.0 |       0 |      14 |   0.0 |   894
        Lair:4 |       0 |    8693 |   0.0 |       0 |      27 |   0.0 |  1574
        Lair:5 |       0 |    5725 |   0.0 |       0 |      36 |   0.0 |  1273
        Lair:6 |       0 |   18763 |   0.0 |       0 |      74 |   0.0 |  1603
       Swamp:1 |       0 |   11561 |   0.0 |       0 |      35 |   0.0 |   668
       Swamp:2 |       0 |   19494 |   0.0 |       0 |      57 |   0.0 |  1770
       Swamp:3 |       0 |    9151 |   0.0 |       0 |      28 |   0.0 |  1019
       Swamp:4 |       0 |   19839 |   0.0 |       0 |      41 |   0.0 |  1236
       Snake:1 |       0 |    6209 |   0.0 |       0 |      21 |   0.0 |  1016
       Snake:2 |       0 |    7185 |   0.0 |       0 |      24 |   0.0 |  1001
       Snake:3 |       0 |   12665 |   0.0 |       0 |      34 |   0.0 |  1242
       Snake:4 |       0 |   55641 |   0.0 |       0 |     137 |   0.0 |  3751
         Orc:1 |       0 |    1857 |   0.0 |       0 |      17 |   0.0 |   450
         Orc:2 |       0 |    8202 |   0.0 |       0 |      92 |   0.0 |  1330
         Elf:1 |       0 |   26667 |   0.0 |       0 |      53 |   0.0 |   994
         Elf:2 |       0 |   19114 |   0.0 |       0 |      37 |   0.0 |   745
         Elf:3 |       0 |   61952 |   0.0 |       0 |      92 |   0.0 |  1755
      Vaults:1 |       0 |   40114 |   0.0 |       0 |      82 |   0.0 |  2395
      Vaults:2 |       0 |   24790 |   0.0 |       0 |      66 |   0.0 |  1573
      Vaults:3 |       0 |   30391 |   0.0 |       0 |      55 |   0.0 |  1800
      Vaults:4 |       0 |   22486 |   0.0 |       0 |      59 |   0.0 |  1666
      Vaults:5 |       0 |  115664 |   0.0 |       0 |     125 |   0.0 |  1362
      Depths:1 |       0 |   47126 |   0.0 |       0 |      86 |   0.0 |  1211
      Depths:2 |       0 |   47515 |   0.0 |       0 |      75 |   0.0 |  1920
      Depths:3 |       0 |   52382 |   0.0 |       0 |      68 |   0.0 |  1502
      Depths:4 |       0 |   44212 |   0.0 |       0 |      75 |   0.0 |  2323
      Depths:5 |       0 |   50045 |   0.0 |       0 |      61 |   0.0 |  1185
         Zot:1 |       0 |   65449 |   0.0 |       0 |      52 |   0.0 |  1797
         Zot:2 |       0 |   26354 |   0.0 |       0 |      19 |   0.0 |   610
         Zot:3 |       0 |   36482 |   0.0 |       0 |      22 |   0.0 |   675
         Zot:4 |       0 |   21809 |   0.0 |       0 |      19 |   0.0 |  1188
         Zot:5 |       0 |  134170 |   0.0 |       0 |      63 |   0.0 |  1936
               +---------+---------+-------+---------+---------+-------+---------
